[Event "Team 45 45 League T67"]
[Site "Internet Chess Club"]
[Date "2015.12.03"]
[Round "1"]
[White "pokerram"]
[Black "QuieroAprender"]
[Result "1-0"]
[WhiteElo "1717"]
[BlackElo "1662"]
[Opening "Réti opening"]
[ECO "A05"]
[Time "20:34:40"]
[TimeControl "2700+45"]

1. Nf3 Nf6 2. g3 d6 3. d4 c6 4. Bg2 Bg4 5. h3 Bf5 6. c4 Nbd7 7. Nc3 e5 8. dxe5
Nxe5 9. Nxe5 dxe5 10. O-O Qc8 11. Kh2 Be7 12. Bg5 h6 13. Bxf6 Bxf6 14. Ne4 Bxe4
15. Bxe4 O-O 16. Qc2 Rd8 17. e3 Qc7 18. Rad1 Rxd1 19. Rxd1 Rd8 20. b3 Rxd1 21.
Qxd1 Qd8 22. Qxd8+ Bxd8 23. f4 Bb6 24. fxe5 Bxe3 25. Bf5 g6 26. Bc8 b6 27. e6 f6
28. Bd7 c5 29. e7 Kf7 30. e8=Q+ {Black resigns} 1-0

[Event "Team 45 45 League T67"]
[Site "Internet Chess Club"]
[Date "2015.12.04"]
[Round "1"]
[White "olivermx"]
[Black "bayoumicardio10"]
[Result "0-1"]
[WhiteElo "1314"]
[BlackElo "1740"]
[Opening "Pirc: classical system, 5.Be2"]
[ECO "B08"]
[Time "14:00:34"]
[TimeControl "2700+45"]

1. e4 d6 2. d4 Nf6 3. Nc3 g6 4. Nf3 Bg7 5. Be2 O-O 6. O-O Bg4 7. h3 Bxf3 8. Bxf3
Nc6 9. d5 Ne5 10. Bf4 Nfd7 11. Bg4 Nc5 12. Bxe5 Bxe5 13. Bf3 c6 14. Rb1 Bxc3 15.
bxc3 Qa5 16. c4 Qxa2 17. Qe2 Rfc8 18. Ra1 Qb2 19. Rfb1 Qe5 20. Rd1 cxd5 21. cxd5
a5 22. c4 a4 23. Qc2 Nb3 24. Ra2 b5 25. Be2 Nd4 26. Qd3 Nxe2+ 27. Qxe2 Rxc4 28.
f3 Rac8 29. Rb2 b4 30. Rbb1 b3 31. Qd2 Rc2 32. Qb4 Qg3 33. Rd2 Rc1+ 34. Rd1 R8c2
{White resigns} 0-1

[Event "Team 45 45 League T67"]
[Site "Internet Chess Club"]
[Date "2015.12.07"]
[Round "1"]
[White "VictorRed"]
[Black "justice02"]
[Result "1/2-1/2"]
[WhiteElo "1798"]
[BlackElo "1607"]
[Opening "Queen's pawn"]
[ECO "A40"]
[Time "21:14:51"]
[TimeControl "2700+45"]

1. d4 e6 2. Nf3 d5 3. g3 c5 4. Bg2 Nc6 5. c3 Nf6 6. O-O cxd4 7. cxd4 Bd6 8. Nc3
a6 9. Bg5 O-O 10. e4 Be7 11. e5 Nd7 12. Bxe7 Qxe7 13. Nh4 Qb4 14. Ne2 f6 15.
exf6 Nxf6 16. b3 Bd7 17. a3 Qd6 18. Nc3 b5 19. Qd2 b4 20. axb4 Qxb4 21. Nf3 Ne4
22. Nxe4 dxe4 23. Qxb4 Nxb4 24. Ne5 Bb5 25. Bxe4 Bxf1 26. Bxa8 Rxa8 27. Kxf1 Rd8
28. Nf3 Rd6 29. Rd1 Kf7 30. Ne5+ Kf6 31. Nc4 Rd8 32. Ne3 h5 33. Ke2 g5 34. f3
Rc8 35. d5 exd5 36. Nxd5+ Nxd5 37. Rxd5 Rc2+ 38. Rd2 Rxd2+ 39. Kxd2 Ke5 40. Kd3
Kd5 41. h3 a5 42. h4 gxh4 43. gxh4 Ke5 44. Ke3 Kf5 45. Kf2 Kf4 46. Kg2 Ke3 47.
Kg3 Kd4 48. Kf4 Kc3 49. Kg5 Kxb3 50. f4 a4 51. f5 a3 52. f6 a2 53. f7 a1=Q 54.
f8=Q Qe5+ 55. Qf5 Qe2 56. Qf7+ Kb4 57. Qxh5 Qe5+ 58. Kg4 Qe4+ 59. Kg3 Qe1+ 60.
Kg2 Qe4+ 61. Kf2 Qf4+ 62. Ke2 Qe4+ 63. Kf2 Qf4+ 64. Kg2 Qe4+ 65. Kg3 Qe1+ 66.
Kg4 Qe4+ 67. Kg5 Qe7+ 68. Kg6 Qe8+ 69. Kg5 Qe5+ {Game drawn by mutual agreement}
1/2-1/2

[Event "Team 45 45 League T67"]
[Site "Internet Chess Club"]
[Date "2015.12.06"]
[Round "1"]
[White "zepled37"]
[Black "isolani"]
[Result "1-0"]
[WhiteElo "1700"]
[BlackElo "1449"]
[Opening "Pirc: Ufimtsev-Pytel variation"]
[ECO "B07"]
[Time "09:05:37"]
[TimeControl "2700+45"]

1. e4 d6 2. d4 Nf6 3. Nc3 c6 4. Nf3 Bg4 5. Be2 Nbd7 6. O-O e5 7. Be3 Be7 8. Qd2
Qc7 9. a4 a5 10. Rfd1 O-O 11. h3 Bxf3 12. Bxf3 Rac8 13. Be2 Rfd8 14. f4 exd4 15.
Bxd4 d5 16. exd5 cxd5 17. Bf3 Ne4 18. Nxe4 dxe4 19. Bxe4 Nf6 20. Qe3 Nxe4 21.
Qxe4 Rxd4 22. Rxd4 Bc5 23. c3 Kf8 24. Kh1 Bxd4 25. Qxd4 Rd8 26. Qf2 Qd7 27. Qc5+
Qd6 28. Qxa5 b6 29. Qb4 Qxb4 30. cxb4 Rb8 31. Kg1 Ke7 32. Ra2 Kd6 33. a5 bxa5
34. bxa5 Kc5 35. Kf2 Kb4 36. Ra3 Ra8 37. a6 Ra7 38. Ke2 Kb5 39. Kd2 Rxa6 40.
Rxa6 Kxa6 41. Kc3 Kb6 42. Kc4 Kc6 43. b3 h6 44. g4 g6 45. g5 hxg5 46. fxg5
{Black resigns} 1-0

[Event "Team 45 45 League T67"]
[Site "Internet Chess Club"]
[Date "2015.12.06"]
[Round "1"]
[White "HorseRadish"]
[Black "Grenadier"]
[Result "0-1"]
[WhiteElo "1451"]
[BlackElo "1596"]
[Opening "Queen's pawn game"]
[ECO "A46"]
[Time "14:00:32"]
[TimeControl "2700+45"]

1. d4 Nf6 2. Nf3 d6 3. Bf4 Bg4 4. e3 Nbd7 5. Nbd2 e5 6. dxe5 dxe5 7. h3 Bxf3 8.
Qxf3 exf4 9. exf4 c6 10. Bc4 Be7 11. O-O-O O-O 12. g4 Qc7 13. h4 Rac8 14. g5 Nd5
15. a3 N7b6 16. f5 Nxc4 17. Nxc4 Qf4+ {White resigns} 0-1

[Event "Team 45 45 League T67"]
[Site "Internet Chess Club"]
[Date "2015.12.05"]
[Round "1"]
[White "GoIrish"]
[Black "rookfish"]
[Result "1-0"]
[WhiteElo "1556"]
[BlackElo "1404"]
[Opening "Réti opening"]
[ECO "A04"]
[Time "10:00:48"]
[TimeControl "2700+45"]

1. Nf3 Nc6 2. g3 e5 3. d3 Nf6 4. Bg2 d5 5. O-O Be7 6. Nbd2 O-O 7. e4 h6 8. Re1
d4 9. Nc4 b5 10. Ncxe5 Nxe5 11. Nxe5 Qd6 12. Nf3 Qb6 13. Nh4 c5 14. e5 Rb8 15.
exf6 Bxf6 16. Nf3 Be6 17. Bf4 a5 18. Bxb8 Qxb8 19. Nd2 a4 20. Ne4 Be7 21. a3 f5
22. Nxc5 Bxc5 23. Rxe6 Kf7 24. Qe2 f4 25. Bd5 f3 26. Qxf3+ Kg8 27. Re8+ {Black
resigns} 1-0

[Event "Team 45 45 League T67"]
[Site "Internet Chess Club"]
[Date "2015.12.08"]
[Round "1"]
[White "searchforbobby1"]
[Black "Pomberito"]
[Result "1/2-1/2"]
[WhiteElo "2045"]
[BlackElo "2008"]
[Opening "English: Mikenas-Carls variation"]
[ECO "A18"]
[Time "21:33:37"]
[TimeControl "2700+45"]

1. c4 Nf6 2. Nc3 e6 3. e4 d5 4. cxd5 exd5 5. e5 Ne4 6. d4 Bb4 7. Qa4+ Nc6 8. Bb5
Bxc3+ 9. bxc3 Bd7 10. Ne2 a6 11. Bxc6 Bxc6 12. Qc2 Bb5 13. O-O Bxe2 14. Qxe2
Nxc3 15. Qe3 Na4 16. Qg3 Qd7 17. Qxg7 O-O-O 18. Qf6 Rhg8 19. Qf3 Rg4 20. Bf4
Rdg8 21. g3 h5 22. Kh1 h4 23. Rab1 Nb6 24. Rfc1 Nc4 25. Rxc4 dxc4 26. Qxb7+ Kd8
{Game drawn by mutual agreement} 1/2-1/2

[Event "Team 45 45 League T67"]
[Site "Internet Chess Club"]
[Date "2015.12.05"]
[Round "1"]
[White "WCourson"]
[Black "Monterrey"]
[Result "0-1"]
[WhiteElo "1902"]
[BlackElo "2003"]
[Opening "French: Tarrasch, closed variation"]
[ECO "C05"]
[Time "14:00:31"]
[TimeControl "2700+45"]

1. e4 e6 2. d4 d5 3. Nd2 Nf6 4. e5 Nfd7 5. c3 c5 6. f4 Nc6 7. Ndf3 Qb6 8. a3 Be7
9. Ne2 f6 10. Ng3 O-O 11. Bd3 cxd4 12. cxd4 f5 13. Be2 a5 14. O-O a4 15. Rb1
Bxa3 16. bxa3 Qxb1 17. Ng5 Nb6 18. Bd3 Qa1 19. Qh5 Qxd4+ 20. Kh1 h6 21. Be2 Qc5
22. Bb2 Qe7 23. Rf3 Bd7 24. Qh4 hxg5 25. fxg5 g6 26. Nxf5 Rxf5 27. Rh3 Qg7 28.
Kg1 Raf8 {White resigns} 0-1

[Event "Team 45 45 League T67"]
[Site "Internet Chess Club"]
[Date "2015.12.06"]
[Round "1"]
[White "chsrules88"]
[Black "santiagoelawad"]
[Result "1/2-1/2"]
[WhiteElo "2045"]
[BlackElo "2066"]
[Opening "Caro-Kann: Steinitz variation"]
[ECO "B17"]
[Time "11:05:28"]
[TimeControl "2700+45"]

1. e4 c6 2. d4 d5 3. Nc3 dxe4 4. Nxe4 Nd7 5. Nf3 Ngf6 6. Nxf6+ Nxf6 7. h3 Bf5 8.
Bd3 Bg6 9. O-O e6 10. Bg5 Be7 11. c3 O-O 12. Ne5 Bxd3 {Game drawn by mutual
agreement} 1/2-1/2

[Event "Team 45 45 League T67"]
[Site "Internet Chess Club"]
[Date "2015.12.05"]
[Round "1"]
[White "primerpaso"]
[Black "fishhead"]
[Result "0-1"]
[WhiteElo "1895"]
[BlackElo "1901"]
[Opening "English opening"]
[ECO "A16"]
[Time "18:00:35"]
[TimeControl "2700+45"]

1. c4 Nf6 2. Nc3 g6 3. g3 Bg7 4. Bg2 d6 5. e4 c6 6. Nge2 Qc7 7. d4 O-O 8. O-O e5
9. h3 Re8 10. Be3 Na6 11. Rc1 Bd7 12. Qd2 Rad8 13. Kh2 Bc8 14. d5 c5 15. Nb5 Qb8
16. a3 Nc7 17. b4 Nxb5 18. cxb5 b6 19. bxc5 bxc5 20. Rb1 Nd7 21. a4 Nb6 22. Qa2
Re7 23. Bg5 f6 24. Bd2 Rb7 25. Rfc1 Bd7 26. Rc2 Rc8 27. Nc3 Be8 28. Bf1 f5 29.
f3 Rcc7 30. a5 Nc8 31. a6 Rb6 32. Na4 Rf7 33. Ba5 h5 34. Bxb6 axb6 35. Nc3 Bh6
36. Bd3 Na7 37. Re2 Qd8 38. Qc2 f4 39. g4 hxg4 40. fxg4 Qh4 41. Rg2 f3 42. Qf2
Bf4+ 43. Rg3 Qxh3+ {White resigns} 0-1

[Event "Team 45 45 League T67"]
[Site "Internet Chess Club"]
[Date "2015.12.05"]
[Round "1"]
[White "hood"]
[Black "Roger43"]
[Result "0-1"]
[WhiteElo "2038"]
[BlackElo "2007"]
[Opening "Alekhine's defense: modern, fianchetto variation"]
[ECO "B04"]
[Time "12:20:55"]
[TimeControl "2700+45"]

1. e4 Nf6 2. e5 Nd5 3. d4 d6 4. Nf3 g6 5. c4 Nb6 6. Nc3 Bg7 7. exd6 cxd6 8. Be2
O-O 9. O-O Nc6 10. Be3 d5 11. c5 Nc4 12. Bxc4 dxc4 13. Qe2 Bg4 14. Rfd1 e5 15.
dxe5 Qc8 16. Bf4 Re8 17. Qxc4 Bxf3 18. gxf3 Qh3 19. Bg3 Nxe5 20. Qd5 h5 21. Re1
Red8 22. Qxb7 Rab8 23. Qe4 Rd4 24. Qe2 Rd2 25. Qe4 Rd4 26. Qe2 Rd2 27. Qe4 f5
28. Qf4 g5 29. Qxd2 Nxf3+ 30. Kh1 Nxd2 31. Bxb8 f4 32. Rg1 Qf3+ 33. Rg2 h4 34.
Kg1 h3 35. Rxg5 Qc6 {White resigns} 0-1

[Event "Team 45 45 League T67"]
[Site "Internet Chess Club"]
[Date "2015.12.06"]
[Round "1"]
[White "PolishRyszard"]
[Black "dp15"]
[Result "0-1"]
[WhiteElo "1919"]
[BlackElo "2009"]
[Opening "QGD Slav: exchange variation, 6.Bf4 Bf5"]
[ECO "D14"]
[Time "16:00:38"]
[TimeControl "2700+45"]

1. d4 d5 2. c4 c6 3. cxd5 cxd5 4. Nc3 Nf6 5. Nf3 Nc6 6. Bf4 Bf5 7. e3 a6 8. Ne5
e6 9. Nxc6 bxc6 10. Qa4 Qb6 11. Be2 Be7 12. O-O O-O 13. b3 Rfc8 14. Rac1 a5 15.
Rfd1 Nd7 16. e4 Qb7 17. exf5 Nb6 18. fxe6 Nxa4 19. exf7+ Kxf7 20. Nxa4 Ba3 21.
Rc3 Re8 22. Bf3 Kg8 23. h3 Bb4 24. Rcc1 Rad8 25. Nc5 Bxc5 26. Rxc5 Qb4 27. Be3
Re6 28. Rdc1 a4 29. bxa4 Qxa4 30. R1c2 Rde8 31. R5c3 Rxe3 32. fxe3 Rxe3 33. Rxc6
Qxd4 34. Kf1 h6 35. R6c5 Qd3+ 36. Kf2 d4 37. Bd5+ Kh7 38. a4 Qd1 39. Rc1 Qe2+
40. Kg1 Rc3 41. Kh2 Rxc1 {White resigns} 0-1

[Event "Team 45 45 League T67"]
[Site "Internet Chess Club"]
[Date "2015.12.04"]
[Round "1"]
[White "LiangLiang"]
[Black "joebobpop"]
[Result "0-1"]
[WhiteElo "1821"]
[BlackElo "1966"]
[Opening "Ruy Lopez: 5.O-O"]
[ECO "C78"]
[Time "19:32:49"]
[TimeControl "2700+45"]

1. e4 e5 2. Nf3 Nc6 3. Bb5 a6 4. Ba4 Nf6 5. O-O b5 6. Bb3 Bc5 7. c3 d6 8. a4 Rb8
9. d4 Bb6 10. a5 Ba7 11. Be3 exd4 12. cxd4 Bg4 13. d5 Bxe3 14. fxe3 Ne5 15. Nbd2
O-O 16. Bc2 Re8 17. h3 Bh5 18. Qe1 Qd7 19. Qg3 Nxf3+ 20. gxf3 Bg6 21. Kh2 Nxd5
22. exd5 Bxc2 23. e4 f5 24. Rae1 Re5 25. Rc1 Bd3 26. Rfe1 Rbe8 27. f4 R5e7 28.
Qxd3 fxe4 29. Qe3 Qf5 30. Red1 Qxd5 31. Nb3 Qh5 32. Nd4 c5 33. Ne2 Qf3 34. Qxf3
exf3 35. Ng3 Re6 36. Rd3 f2 37. Rf1 c4 38. Rd4 Kf7 39. Rxf2 Rd8 40. Rfd2 Re1 41.
Ne4 d5 42. Nc3 Ra1 43. Rxd5 Rxd5 44. Nxd5 Rxa5 45. Re2 Ra1 46. f5 Rf1 47. Ne3
Rb1 48. Kg3 a5 49. Nd5 Rf1 50. Re7+ Kf8 51. Re5 Rb1 52. Re2 Rf1 53. Kg4 b4 54.
Nb6 Rd1 55. Re4 c3 56. bxc3 bxc3 57. Rc4 Rc1 58. Kf3 c2 59. Rc8+ Kf7 60. Rc7+
Kg8 61. Rc8+ Kf7 62. Rc7+ Kf8 63. Nd7+ Ke8 64. Ke2 Rh1 {White resigns} 0-1

[Event "Team 45 45 League T67"]
[Site "Internet Chess Club"]
[Date "2015.12.04"]
[Round "1"]
[White "rusano"]
[Black "cayo89"]
[Result "1-0"]
[WhiteElo "1676"]
[BlackElo "1636"]
[Opening "Trompowsky attack (Ruth, Opocenský opening)"]
[ECO "A45"]
[Time "17:56:55"]
[TimeControl "2700+45"]

1. d4 Nf6 2. Bg5 e6 3. Bxf6 Qxf6 4. Nf3 d5 5. e3 c5 6. c3 Nc6 7. Bb5 Bd7 8. Bxc6
Bxc6 9. Ne5 Bd6 10. Nxc6 bxc6 11. Qa4 Kd7 12. Nd2 Rhb8 13. Rb1 Qg6 14. O-O Qd3
15. Nf3 h6 16. dxc5 Qe4 17. Nd4 Bxh2+ 18. Kxh2 Rb5 19. Qa6 {Black resigns} 1-0

[Event "Team 45 45 League T67"]
[Site "Internet Chess Club"]
[Date "2015.12.07"]
[Round "1"]
[White "Hal2001"]
[Black "SirIvanhoe"]
[Result "1-0"]
[WhiteElo "1668"]
[BlackElo "1541"]
[Opening "Caro-Kann: classical variation"]
[ECO "B18"]
[Time "13:00:23"]
[TimeControl "2700+45"]

1. e4 c6 2. d4 d5 3. Nc3 dxe4 4. Nxe4 Bf5 5. Ng3 Bg6 6. N1e2 h6 7. Nf4 Bh7 8.
Bc4 Nf6 9. O-O Nbd7 10. Re1 Nb6 11. Bb3 Nbd5 12. Qe2 Qd7 13. Nxd5 cxd5 14. Bf4
e6 15. Rac1 Be7 16. c4 Bb4 17. Bd2 Bxd2 18. Qxd2 O-O 19. c5 Qc6 20. Bc2 b6 21.
b4 a5 22. a3 axb4 23. axb4 Bxc2 24. Qxc2 Ra4 25. Qb2 Rfa8 26. Ra1 bxc5 27. bxc5
Nh5 28. Nxh5 {Black resigns} 1-0

[Event "Team 45 45 League T67"]
[Site "Internet Chess Club"]
[Date "2015.12.05"]
[Round "1"]
[White "skuhl99"]
[Black "Constrictor"]
[Result "0-1"]
[WhiteElo "1498"]
[BlackElo "1605"]
[Opening "English: Torre defensive system"]
[ECO "A05"]
[Time "10:01:19"]
[TimeControl "2700+45"]

1. Nf3 Nf6 2. c4 c6 3. g3 d5 4. b3 Bg4 5. Bg2 Nbd7 6. O-O e5 7. d3 Bd6 8. Bb2
Qe7 9. Nbd2 O-O 10. h3 Bh5 11. Re1 e4 12. dxe4 dxe4 13. Nd4 e3 14. Nf5 exf2+ 15.
Kxf2 Bc5+ 16. Kf1 Qe6 17. Nd4 Qe3 18. N2f3 Ne4 {White resigns} 0-1

[Event "Team 45 45 League T67"]
[Site "Internet Chess Club"]
[Date "2015.12.05"]
[Round "1"]
[White "Gilguli"]
[Black "stantheman59"]
[Result "1-0"]
[WhiteElo "1454"]
[BlackElo "1220"]
[Opening "Sicilian defense"]
[ECO "B20"]
[Time "14:03:51"]
[TimeControl "2700+45"]

1. e4 c5 2. a3 g6 3. h4 Bg7 4. h5 Bh6 5. hxg6 hxg6 6. Bc4 Bxd2+ 7. Bxd2 Rxh1 8.
Kf1 e6 9. b4 Qh4 10. Nc3 Qh2 11. Ne2 e5 12. Be3 Nf6 13. f3 Nh5 14. Qd5 Ng3+ 15.
Nxg3 Qxg3 16. Qxf7+ Kd8 17. Rd1 Rh2 18. Rd2 b6 19. Bd5 Nc6 20. Bxc6 Kc7 21. Bxa8
Ba6+ 22. c4 Bxc4+ 23. Qxc4 Qg5 24. Bxg5 {Black resigns} 1-0

[Event "Team 45 45 League T67"]
[Site "Internet Chess Club"]
[Date "2015.12.05"]
[Round "1"]
[White "LordKinbote"]
[Black "Elalfer"]
[Result "0-1"]
[WhiteElo "1663"]
[BlackElo "1586"]
[Opening "Sicilian: Grand Prix attack"]
[ECO "B23"]
[Time "15:00:59"]
[TimeControl "2700+45"]

1. e4 c5 2. Nc3 Nc6 3. f4 e6 4. Bc4 g6 5. Nf3 Nge7 6. e5 a6 7. Ne4 Nf5 8. Nf6+
Ke7 9. Bd3 Bg7 10. Ne4 b6 11. O-O d5 12. exd6+ Nxd6 13. c3 Bb7 14. Qe2 Re8 15.
b3 Kf8 16. Bb2 Qc7 17. Nfg5 Kg8 18. Qf2 h6 19. Nh3 Nb4 20. Nxd6 Qxd6 21. Bb1
Rad8 22. d4 Nc6 23. dxc5 Qxc5 24. Be4 Qxf2+ 25. Rxf2 Rd7 26. Re1 Red8 27. Rfe2
Rd2 28. Bc2 a5 29. Nf2 Ba6 30. Rxd2 Rxd2 31. Rc1 Nb4 32. Ne4 Rxc2 33. cxb4 Rxb2
34. bxa5 bxa5 35. Rc6 Bd4+ {White resigns} 0-1

[Event "Team 45 45 League T67"]
[Site "Internet Chess Club"]
[Date "2015.12.05"]
[Round "1"]
[White "krysto"]
[Black "Invicta-Knight"]
[Result "0-1"]
[WhiteElo "1614"]
[BlackElo "1606"]
[Opening "Benkö gambit half accepted"]
[ECO "A57"]
[Time "10:01:16"]
[TimeControl "2700+45"]

1. d4 Nf6 2. c4 c5 3. d5 b5 4. cxb5 a6 5. b6 Qxb6 6. Nc3 d6 7. e4 Nbd7 8. Nf3 g6
9. Nd2 Bg7 10. Nc4 Qb4 11. a3 Qb7 12. Be2 O-O 13. O-O Qc7 14. Rb1 a5 15. Bd2 Ba6
16. b4 Bxc4 17. Bxc4 cxb4 18. Qb3 bxc3 {White resigns} 0-1

[Event "Team 45 45 League T67"]
[Site "Internet Chess Club"]
[Date "2015.12.06"]
[Round "1"]
[White "parrot9"]
[Black "portis2"]
[Result "1-0"]
[WhiteElo "1640"]
[BlackElo "1569"]
[Opening "Sicilian: Najdorf"]
[ECO "B90"]
[Time "10:00:28"]
[TimeControl "2700+45"]

1. e4 c5 2. Nf3 d6 3. d4 cxd4 4. Nxd4 Nf6 5. Nc3 a6 6. f3 e5 7. Nb3 Be6 8. Be3
Be7 9. Qd2 O-O 10. O-O-O b5 11. g4 d5 12. exd5 Nxd5 13. Nxd5 Bxd5 14. Qxd5 Bg5
15. Qxd8 {Black resigns} 1-0

[Event "Team 45 45 League T67"]
[Site "Internet Chess Club"]
[Date "2015.12.06"]
[Round "1"]
[White "fireball"]
[Black "Elalfer"]
[Result "1-0"]
[WhiteElo "1627"]
[BlackElo "1571"]
[Opening "Sicilian: Smith-Morra gambit"]
[ECO "B21"]
[Time "12:03:29"]
[TimeControl "2700+45"]

1. e4 c5 2. d4 cxd4 3. c3 dxc3 4. Nxc3 Nc6 5. Nf3 g6 6. Bc4 Bg7 7. e5 Nxe5 8.
Nxe5 Bxe5 9. Bxf7+ Kxf7 10. Qd5+ e6 11. Qxe5 Qf6 12. Qc7 Ne7 13. Ne4 Nd5 14. Qg3
Qe7 15. O-O Nf6 16. Qe5 d5 17. Nd6+ Kg7 18. Bg5 Rd8 19. Nb5 h6 20. Bh4 g5 21.
Bg3 Bd7 22. Nc7 Rac8 23. Nxd5 Qf8 24. Ne3 Qc5 25. Ng4 Rf8 26. Nxf6 Rxf6 27. Rfd1
Bb5 28. h3 Kf7 29. Qe4 Qe7 30. Qh7+ Ke8 31. Qg8+ Qf8 32. Qh7 Qe7 33. Qe4 Bc6 34.
Qd3 Rd8 35. Qc2 Rxd1+ 36. Rxd1 Bd5 37. a3 Qd7 38. h4 Qc6 39. Qh7 Bxg2 40. Qg8+
Ke7 41. Bd6+ Kd7 42. Bb4+ {Black resigns} 1-0

[Event "Team 45 45 League T67"]
[Site "Internet Chess Club"]
[Date "2015.12.06"]
[Round "1"]
[White "fuzzface"]
[Black "mongmong"]
[Result "0-1"]
[WhiteElo "1347"]
[BlackElo "1617"]
[Opening "Catalan opening"]
[ECO "E00"]
[Time "06:01:29"]
[TimeControl "2700+45"]

1. d4 e6 2. c4 Nf6 3. g3 Bb4+ 4. Bd2 a5 5. a3 Bxd2+ 6. Nxd2 Nc6 7. e3 O-O 8. Bg2
Rb8 9. Ne2 d5 10. Qc2 Ne7 11. c5 b6 12. b4 Ba6 13. Nf3 Bc4 14. Ne5 Bxe2 15. Qxe2
Nd7 16. Nxd7 Qxd7 17. O-O Rfc8 18. Rfc1 Qa4 19. Qc2 Qxc2 20. Rxc2 Ra8 21. bxa5
Rxa5 22. cxb6 cxb6 23. Rxc8+ Nxc8 24. Bf1 Nd6 25. a4 g6 26. Rb1 Rxa4 27. Rxb6
Ne4 28. Kg2 Ra2 29. Rb1 Rxf2+ 30. Kg1 Ra2 31. Rc1 Ra3 32. Re1 Nd2 33. Bg2 Nc4
34. e4 dxe4 35. Bxe4 Re3 36. Rxe3 Nxe3 37. Kf2 Ng4+ 38. Kg2 Kg7 39. d5 e5 40. h3
Nh6 41. d6 Kf6 42. d7 Ke7 43. Bc6 Ng8 44. Kf3 Nf6 45. g4 Nxd7 46. Bxd7 Kxd7 47.
Ke4 Ke6 48. h4 f5+ 49. gxf5+ gxf5+ 50. Ke3 h5 {White resigns} 0-1

[Event "Team 45 45 League T67"]
[Site "Internet Chess Club"]
[Date "2015.12.04"]
[Round "1"]
[White "GideonL"]
[Black "Visin"]
[Result "0-1"]
[WhiteElo "1494"]
[BlackElo "1301"]
[Opening "Four knights: Italian variation"]
[ECO "C47"]
[Time "10:00:16"]
[TimeControl "2700+45"]

1. e4 e5 2. Nf3 Nc6 3. Nc3 Nf6 4. Bc4 Be7 5. O-O d6 6. d3 O-O 7. Be3 a6 8. Bg5
b5 9. Bb3 h6 10. Bxf6 Bxf6 11. a3 Ne7 12. Nd5 Nxd5 13. Bxd5 Rb8 14. b4 Be6 15.
Bxe6 fxe6 16. Qd2 Qd7 17. Rad1 c5 18. bxc5 dxc5 19. c4 Rfd8 20. cxb5 axb5 21.
Qc3 Qd6 22. h3 Rb7 23. Rb1 b4 24. axb4 cxb4 25. Qc4 Rdd7 26. Qc8+ Kh7 27. Qc4
Rdc7 28. Qb3 Rb6 29. Rfc1 Rxc1+ 30. Rxc1 Qd7 31. Rc4 Qd6 32. Ne1 g5 33. Nc2 Be7
34. d4 Kg7 35. dxe5 Qxe5 36. f3 Bd6 37. Kf2 Qg3+ 38. Kf1 Qh2 39. Ne3 Bf4 40.
Qb2+ Kg6 {White forfeits on time} 0-1

[Event "Team 45 45 League T67"]
[Site "Internet Chess Club"]
[Date "2015.12.06"]
[Round "1"]
[White "stasis009"]
[Black "dabodhi"]
[Result "0-1"]
[WhiteElo "1236"]
[BlackElo "1439"]
[Opening "Nimzo-Indian: three knights variation"]
[ECO "E21"]
[Time "15:09:18"]
[TimeControl "2700+45"]

1. d4 Nf6 2. c4 e6 3. Nc3 Bb4 4. Nf3 b6 5. Bg5 Nc6 6. e3 Bb7 7. Bd3 Be7 8. O-O
Nb4 9. Bb1 O-O 10. a3 Na6 11. Re1 d5 12. b3 Ne4 13. Bxe7 Qxe7 14. Qc2 f5 15. Ne5
c5 16. f3 Nd6 17. Qe2 Nc7 18. Bd3 Rad8 19. f4 Nf7 20. Rf1 Nxe5 21. fxe5 Qg5 22.
Rf2 g6 23. Raf1 dxc4 24. Bxc4 Nd5 25. Nxd5 Bxd5 26. Bxd5 Rxd5 27. Rf3 cxd4 28.
Rg3 d3 29. Qd2 Qe7 30. b4 Qc7 31. e4 fxe4 32. Rxf8+ Kxf8 33. Qh6+ Qg7 34. Qd2
Qxe5 35. Qh6+ Qg7 36. Qd2 Qa1+ 37. Kf2 Qd4+ 38. Re3 Rf5+ 39. Ke1 Qa1+ {White
resigns} 0-1

[Event "Team 45 45 League T67"]
[Site "Internet Chess Club"]
[Date "2015.12.06"]
[Round "1"]
[White "kutch"]
[Black "Invicta-Knight"]
[Result "1-0"]
[WhiteElo "1560"]
[BlackElo "1567"]
[Opening "Benkö gambit: fianchetto variation"]
[ECO "A58"]
[Time "10:11:47"]
[TimeControl "2700+45"]

1. d4 Nf6 2. c4 c5 3. d5 b5 4. cxb5 a6 5. bxa6 Bxa6 6. Nc3 d6 7. Nf3 g6 8. g3
Bg7 9. Bg2 O-O 10. O-O Nbd7 11. Re1 Qb6 12. Qc2 Rfb8 13. Rb1 Ne8 14. e4 Nc7 15.
Bf4 Nb5 16. e5 dxe5 17. Nxe5 Nd4 18. Nxd7 {Black resigns} 1-0

[Event "Team 45 45 League T67"]
[Site "Internet Chess Club"]
[Date "2015.12.03"]
[Round "1"]
[White "bardu"]
[Black "jpokerflat"]
[Result "1-0"]
[WhiteElo "1333"]
[BlackElo "1312"]
[Opening "Ruy Lopez: closed, Flohr-Zaitsev system (Lenzerheide variation)"]
[ECO "C92"]
[Time "14:00:17"]
[TimeControl "2700+45"]

1. e4 e5 2. Nf3 Nc6 3. Bb5 a6 4. Ba4 Nf6 5. O-O Be7 6. Re1 b5 7. Bb3 d6 8. c3
O-O 9. h3 Bb7 10. d4 exd4 11. cxd4 h6 12. Nbd2 Qd7 13. Nf1 Na5 14. Bc2 Nc4 15.
b3 Nb6 16. Qd3 g6 17. Bxh6 Rfe8 18. Ng3 Bf8 19. Bg5 Nh7 20. Qd2 Bg7 21. Bh6 c5
22. Bxg7 Kxg7 23. dxc5 dxc5 24. Qc3+ Kg8 25. Qxc5 Qc6 26. Qxc6 Bxc6 27. Rac1
Rac8 28. Bb1 Nd7 29. Nd4 Ne5 30. f4 {Black resigns} 1-0

[Event "Team 45 45 League T67"]
[Site "Internet Chess Club"]
[Date "2015.12.05"]
[Round "1"]
[White "medsurg"]
[Black "BrerRabbit"]
[Result "0-1"]
[WhiteElo "1396"]
[BlackElo "1472"]
[Opening "English opening"]
[ECO "A10"]
[Time "19:00:53"]
[TimeControl "2700+45"]

1. c4 d6 2. g3 e5 3. Bg2 f5 4. Nc3 Nf6 5. e3 Be7 6. Nge2 O-O 7. O-O c6 8. d3 Be6
9. b3 d5 10. cxd5 cxd5 11. f4 e4 12. Nd4 Bd7 13. Bb2 Nc6 14. Nce2 Ng4 15. Qd2
Bb4 16. Nc3 Nxd4 17. exd4 Qa5 18. a3 Bxc3 19. Bxc3 Qb6 20. dxe4 dxe4 21. Bb4
Rfe8 22. h3 Nf6 23. Qe3 Nd5 24. Qe1 Qxd4+ 25. Kh2 Qb6 26. Rd1 Bc6 27. Bd6 Ne3
{White resigns} 0-1

[Event "Team 45 45 League T67"]
[Site "Internet Chess Club"]
[Date "2015.12.03"]
[Round "1"]
[White "PsyMar"]
[Black "Aquaman"]
[Result "1-0"]
[WhiteElo "1448"]
[BlackElo "1302"]
[Opening "Robatsch defense"]
[ECO "B34"]
[Time "20:01:53"]
[TimeControl "2700+45"]

1. e4 g6 2. Nc3 Bg7 3. d4 c5 4. Nge2 cxd4 5. Nxd4 Nc6 6. Be3 Nf6 7. f4 e6 8. e5
Nd5 9. Nxd5 exd5 10. Be2 Ne7 11. Nb5 O-O 12. Nd6 b6 13. O-O f6 14. exf6 Bxf6 15.
Bf3 Qc7 16. Bxd5+ Nxd5 17. Qxd5+ Kg7 18. c3 Rb8 19. Bd4 Qc6 20. Bxf6+ Rxf6 21.
Ne8+ Kh6 22. Qg5# {Black checkmated} 1-0